 Dungeon Crawl Stone Soup version 0.28-b1-25-g9875b3fc8c (webtiles) character file.

Game seed: 9952525114230302621

161 Lathuz the Chopper (level 5, -3/47 HPs)
             Began as a Minotaur Berserker on Feb 3, 2022.
             Was a Believer of Trog.
             Slain by a killer bee (4 damage)
             ... on level 3 of the Dungeon.
             The game lasted 00:05:50 (2936 turns).

Lathuz the Chopper (Minotaur Berserker)             Turns: 2936, Time: 00:05:51

Health: -3/47      AC: 10    Str: 30    XL:     5   Next: 18%
Magic:  4/4        EV:  8    Int:  4    God:    Trog [**....]
Gold:   137        SH:  2    Dex:  9    Spells: 4/4 levels left

rFire   . . .      SeeInvis .   a - +0 hand axe
rCold   . . .      Faith    .   j - +0 buckler
rNeg    + . .      Spirit   .   i - +0 chain mail
rPois   .          Reflect  .   (helmet restricted)
rElec   .          Harm     .   (no cloak)
rCorr   .          Rampage  .   c - +0 pair of gloves
Will    .....                   (no boots)
Stlth   ..........              (no amulet)
HPRegen 0.15/turn               k - +6 ring of strength
MPRegen 0.09/turn               d - ring of positive energy

@: lethally poisoned (-3 -> -4)
A: horns 2, retaliatory headbutt
a: Renounce Religion, Berserk, Trog's Hand


You were on level 3 of the Dungeon.
You worshipped Trog.
Trog was pleased with you.
You visited 1 branch of the dungeon, and saw 4 of its levels.

You collected 137 gold pieces.

Inventory:

Hand Weapons
 a - a +0 hand axe (weapon)
Missiles
 e - 2 poisoned darts
 s - 72 stones (quivered)
Armour
 c - a +0 pair of gloves (worn)
 i - a +0 chain mail (worn)
 j - a +0 buckler (worn)
Jewellery
 d - a ring of positive energy (right hand)
 k - a +6 ring of strength (left hand)
Wands
 h - a wand of acid (8)
Scrolls
 b - a scroll of enchant armour
 f - a scroll of vulnerability {unknown}
 g - a scroll of fog {unknown}
 l - a scroll of holy word {unknown}
 m - a scroll of noise {unknown}
 n - a scroll of immolation {unknown}
 X - a scroll of magic mapping {@r4}
 Y - a scroll of teleportation {@r3}
Potions
 H - a potion of haste
 Q - a potion of magic


   Skills:
 + Level 4.7 Fighting
 * Level 5.7 Axes
 + Level 3.8 Armour
 - Level 2.1 Dodging


You had 4 spell levels left.
You didn't know any spells.
Your spell library was empty.

Dungeon Overview and Level Annotations

Branches:
Dungeon (4/15)
 Temple: D:4-7

Altars:

Shops:
D:1 !

Annotations:
D:2 Sigmund


Innate Abilities, Weirdness & Mutations

You have a pair of horns on your head.
You reflexively headbutt those who attack you in melee.


Message History

The killer bee stings you.
The dart slug briefly extends its eye-stalks.
You climb upwards.
There is a stone staircase leading down here.
You miss the killer bee. x2; You closely miss the killer bee.
The killer bee stings you!
You are poisoned.
The killer bee poisons you!
You hit the killer bee.
You headbutt the killer bee, but do no damage.
The killer bee is almost dead.
You closely miss the killer bee. You barely miss the killer bee.
You feel very sick. The killer bee stings you.
* * * LOW HITPOINT WARNING * * *
The killer bee stings you.
* * * LOW HITPOINT WARNING * * *
You are too injured to fight recklessly!
You are too injured to fight recklessly!
You miss the killer bee.
You kill the killer bee!
You miss the killer bee. You hit the killer bee. The killer bee stings you.
* * * LOW HITPOINT WARNING * * *
You miss the killer bee.
The killer bee is severely wounded.
You miss the killer bee. The killer bee stings you.
* * * LOW HITPOINT WARNING * * *
You closely miss the killer bee.
The killer bee is severely wounded.
You hit the killer bee but do no damage.
You slash the killer bee!
You kill the killer bee!
You barely miss the killer bee. The killer bee stings you.
* * * LOW HITPOINT WARNING * * *
You have reached level 5!
You hit the killer bee.
The killer bee is lightly wounded.
* * * LOW HITPOINT WARNING * * *
The killer bee stings you.
You die...

......# #.........# #.....#
#######........#
#.#...######........#...#.#
.###.........#########.##.####
..#[..####......# #.##....#
...#..# #.#.##.######.#####.#
......# #.#.##.##.....# #.#
...#.## #.#.##.##.....# #.####
.#.#.# ##.#...y@......# #.#...
.#.#.####........†.....# #.#.##
.............##.##.....# #.#.#
>#.#..###..####.####.### #.#.#
.#.#..(....# #.####.# #.#.#
...........####...##.# #.#.#
##.##.####......#.##.#######.#.#
##.##.# #.####................#
......# #.# #..............###


You could see a killer bee.

Vanquished Creatures
  2 killer bees (D:3)
  3 adders
  A worm (D:2)
  A dart slug (D:1)
  9 ball pythons
  4 endoplasms
  A giant cockroach (D:1)
  6 goblins
  3 hobgoblins
  2 kobolds
  3 bats
  7 rats
42 creatures vanquished.

Notes
Turn   | Place    | Note
-------+----------+-------------------------------------------
     0 | D:1      | Lathuz the Minotaur Berserker began the quest for the Orb.
     0 | D:1      | Reached XP level 1. HP: 19/19 MP: 0/0
    45 | D:1      | Found Rebopp's Distillery.
   179 | D:1      | Reached skill level 4 in Axes
   259 | D:1      | Reached XP level 2. HP: 26/27 MP: 1/1
   461 | D:1      | Found a faded altar of an unknown god.
  1029 | D:2      | Reached XP level 3. HP: 19/33 MP: 2/2
  1450 | D:2      | Noticed Sigmund
  1790 | D:2      | Reached ** piety under Trog
  2584 | D:3      | Reached skill level 5 in Axes
  2584 | D:3      | Reached XP level 4. HP: 40/40 MP: 3/3
  2935 | D:3      | HP: 2/41 [killer bee (4)]
  2936 | D:3      | Reached XP level 5. HP: 3/47 MP: 4/4
  2936 | D:3      | Slain by a killer bee

Illustrated notes

Levels and vault maps discovered:
D:1:      wheals_arrival_shading, layout_basic, serial_shops, shop,
          chequers_ecumenical_altar_simple_redux
D:2:      layout_loops_corners, minmay_pentomino_u2, uniq_sigmund
D:3:      layout_loops_ring
D:4:      layout_cave_pools, portal_sewer_entry_b, ebering_ghost_gozag,
          minmay_misc_feat_plants

Skill      XL: |  1  2  3 |
---------------+----------+-----
Axes           | 4 5 |  5.7
Fighting       | 4 |  4.7
Armour         | 3 |  3.8
Dodging        | |  2.1

Action                   |  1- 3 |  4- 6 || total
-------------------------+-------+-------++-------
Melee: Hand axe          |    73 |    14 ||    87
       Headbutt          |    10 |     2 ||    12
       Punch             |     2 |       ||     2
Throw: Stone             |    15 |       ||    15
  Use: Scroll            |     5 |       ||     5
Armor: Animal skin       |     4 |       ||     4
       Ring mail         |    14 |     4 ||    18
       Chain mail        |       |    13 ||    13
Dodge: Dodged            |    37 |    11 ||    48
Block: Buckler           |     4 |     4 ||     8
